 Dungeon Sprint DCSS version bcrawl-1.21.3-2-g9d8a61a446 (webtiles) character file.

Game seed: 14892942502571003278

877 funkygono the Devastator (level 8, -6/46 HPs)
             Began as a Fairy Conjurer on Apr 12, 2020.
             Was an Initiate of Vehumet.
             Killed by an exploding ballistomycete spore (30 damage)
             ... in the Dungeon (Sprint I: "Red Sonja").
             The game lasted 00:01:07 (661 turns).

funkygono the Devastator (Fairy Conjurer)            Turns: 661, Time: 00:01:08

Health: -6/46      AC:  5    Str:  6    XL:     8   Next: 4%
Magic:  23/23      EV: 19    Int: 22    God:    Vehumet [......]
Gold:   299        SH:  0    Dex: 12    Spells: 19/25 levels left

rFire    . . .     SeeInvis .   (weapon restricted)
rCold    . . .     Gourm    .   (shield restricted)
rNeg     . . .     Faith    .   (armour unavailable)
rPois    .         Spirit   .   (no helmet)
rElec    .         Reflect  .   (no cloak)
rCorr    .         Harm     .   (no gloves)
MR       .....     NoTele   +   (no boots)
Stlth    ..........             (no amulet)
HPRegen  0.15/turn              (no ring)
MPRegen  0.18/turn              (no ring)

@: confused, flying evasively
A: small, magic attunement, unstealthy, unfitting armour, able to fly, AC/SH +5
a: Stop Flying, Renounce Religion


You were in the Dungeon.
You worshipped Vehumet.
Vehumet was noncommittal.
You were not hungry.

You visited 1 branch You collected 299 gold pieces.

Inventory:

Wands
 a - a wand of polymorph (4)
Scrolls
 h - a scroll of blinking
Potions
 b - 3 potions of magic
 c - a potion of heal wounds
 d - a potion of curing
 f - a potion of haste
 g - a potion of berserk rage
 i - a potion of might {unknown}
Comestibles
 e - a ration {!d}


   Skills:
 + Level 6.0 Dodging
 + Level 4.0 Stealth
 + Level 9.2 Spellcasting
 + Level 16.3 Conjurations


You had 19 spell levels left.
You knew the following spells:

 Your Spells              Type           Power        Failure   Level  Hunger
a - Magic Dart            Conj           ####         0%          1    None
b - Searing Ray           Conj           ######..     0%          2    None
c - Iskenderun's Mystic   Conj           ######..     1%          3    None

Your spell library contained the following spells:

 Spells                   Type           Power        Failure   Level  Hunger
 Fulminant Prism          Conj/Hex       #####.....   2%          4    None
 Irradiate                Conj/Tmut      #####.....   6%          5    None


Dungeon Overview and Level Annotations

Branches:
Dungeon (1/1)

Altars:
Sif Muna
Vehumet
Wu Jian


Innate Abilities, Weirdness & Mutations

Your spells do not cause hunger and MP costs are reduced by 1.
Your bright wings attract enemies. (Stealth-)
You cannot fit into any form of body armour.
Your shimmering scales are hard and can block incoming attacks. (AC +5, SH +5)
You are small and have problems with some larger weapons.
You can fly continuously.


Message History

Things that are here:
a +0 blowgun; a +2 short sword of venom; 9 curare-tipped needles You now have 218 gold pieces (gained 27).
You now have 245 gold pieces (gained 27).
You now have 272 gold pieces (gained 27).
You now have 299 gold pieces (gained 27).
You reach down and open the door.
There is an open door here.
You reach down and open the door. 2 ballistomycete spores come into view.
The ballistomycete spore waves its rhizomes. x2
The ballistomycete spore explodes!
The explosion of spores engulfs you!!
You are confused.
The explosion of spores engulfs the ballistomycete spore!
The ballistomycete spore explodes!
The explosion of spores engulfs you!!
You are more confused.
Ouch! That really hurt!
You die...

#..# ####
##.# #..#
#+#_.+ #⌠⌠#
+..._# ####
#_.#+# ##'#
#########.##
.......'.).+
++++####...#
##@## #'#
!$!


$:??$ ####### There were no monsters in sight!

Vanquished Creatures
  Sonja (D)
  Sigmund (D)
  An ogre (D)
  A jelly (D)
  Ijyb (D)
5 creatures vanquished.

Notes
Turn   | Place    | Note
-------+----------+-------------------------------------------
     0 | D        | funkygono the Fairy Conjurer began the quest for the Orb.
     0 | D        | Reached XP level 1. HP: 11/11 MP: 6/6
     1 | D        | Noticed Ijyb
    15 | D        | Killed Ijyb
    15 | D        | Reached skill level 7 in Conjurations
    15 | D        | Reached XP level 2. HP: 9/17 MP: 6/8
    15 | D        | Reached XP level 3. HP: 12/21 MP: 7/10
   128 | D        | Noticed an ogre
   136 | D        | Killed an ogre
   136 | D        | Reached skill level 5 in Spellcasting
   136 | D        | Reached skill level 10 in Conjurations
   136 | D        | Reached XP level 4. HP: 6/27 MP: 11/13
   361 | D        | Learned a level 2 spell: Searing Ray
   365 | D        | Learned a level 3 spell: Iskenderun's Mystic Blast
   373 | D        | Noticed Sigmund
   377 | D        | Killed Sigmund
   377 | D        | Reached skill level 12 in Conjurations
   377 | D        | Reached XP level 5. HP: 31/31 MP: 5/16
   377 | D        | Reached XP level 6. HP: 36/36 MP: 5/17
   465 | D        | Found a shimmering blue altar of Sif Muna.
   466 | D        | Found an ornate altar of the Wu Jian Council.
   472 | D        | Reached skill level 13 in Conjurations
   474 | D        | Found a radiant altar of Vehumet.
   480 | D        | Became a worshipper of Vehumet
   481 | D        | Noticed Sonja
   488 | D        | Killed Sonja
   488 | D        | Reached skill level 16 in Conjurations
   488 | D        | Reached XP level 7. HP: 33/41 MP: 10/21
   488 | D        | Reached XP level 8. HP: 37/46 MP: 10/23
   661 | D        | Killed by an exploding ballistomycete spore

Skill      XL: |  1  2  3  4  5  6 |
---------------+-------------------+-----
Dodging        | 3 4 6 |  6.0
Spellcasting   | 3 5 6 9 |  9.2
Conjurations   | 7 10 12 16 | 16.3
Stealth        | 2 4 |  4.0

Action                   |  1- 3 |  4- 6 |  7- 9 || total
-------------------------+-------+-------+-------++-------
 Cast: Magic Dart        |    21 |     6 |       ||    27
       Iskenderun's Myst |       |     4 |       ||     4
       Searing Ray       |       |     1 |       ||     1
Armor: Skin              |     1 |       |       ||     1
Dodge: Dodged            |     9 |     6 |       ||    15
Block: Other             |     1 |     2 |       ||     3
